 Dungeon Crawl Stone Soup version 0.20.1-1-g8b1a95d (webtiles) character file.

234 schauveau the Chopper (level 6, 0/56 HPs)
             Began as a Hill Orc Monk on Dec 10, 2017.
             Slain by an iguana (5 damage)
             ... on level 3 of the Dungeon.
             The game lasted 00:05:18 (2769 turns).

schauveau the Chopper (Hill Orc Monk)               Turns: 2769, Time: 00:05:19

Health: 0/56       AC:  7    Str: 16    XL:     6   Next: 5%
Magic:  6/6        EV: 12    Int: 10    God:
Gold:   108        SH:  0    Dex: 13    Spells: 5/5 levels left

rFire    . . .     SeeInvis .   a - +0 hand axe
rCold    . . .     Gourm    .   (no shield)
rNeg     + . .     Faith    .   s - +2 leather armour {rN+}
rPois    .         Spirit   .   h - +0 helmet
rElec    .         Reflect  .   (no cloak)
rCorr    .         Harm     .   (no gloves)
MR       .....                  e - +0 pair of boots {Fly}
Stlth    ++........             (no amulet)
Regen    0.2/turn               (no ring)
MPRegen  0.1/turn               (no ring)

@: flying
A: no striking features
a: Stop Flying


You were on level 3 of the Dungeon.
You were not hungry.

You visited 1 branch of the dungeon, and saw 4 of its levels.

You collected 108 gold pieces.

Inventory:

Hand Weapons
 a - a +0 hand axe (weapon)
 r - a +2 dagger of venom
Missiles
 d - 155 stones (quivered)
 p - 12 poisoned needles
Armour
 e - a +0 pair of boots of flying (worn)
 h - a +0 helmet (worn)
 s - a +2 leather armour of positive energy (worn)
Wands
 n - a wand of confusion (27/48)
Scrolls
 b - 3 scrolls of remove curse {unknown}
 j - 3 scrolls of enchant armour {unknown}
 l - a scroll of teleportation {unknown}
 q - a scroll of recharging {unknown}
 t - a scroll of random uselessness {unknown}
 u - a scroll of identify {unknown}
 v - a scroll of blinking {unknown}
 w - a scroll of enchant weapon {unknown}
Potions
 g - a potion of flight {unknown}
 k - a potion of mutation {unknown}
 o - a potion of curing
Comestibles
 c - 3 bread rations
 f - 2 fruits
 i - 3 meat rations
 m - 5 chunks of flesh


   Skills:
 + Level 5.1 Fighting
 * Level 6.2 Axes
 + Level 2.8 Armour
 - Level 2.6 Dodging
 - Level 1.7 Stealth


You had 5 spell levels left.
You didn't know any spells.

Dungeon Overview and Level Annotations

Branches:
Dungeon (4/15)
 Temple: D:4-7

Altars:
Gozag
Ru
Yredelemnul

Portals:
Sewer: D:4

Annotations:
D:3 tarantulino's ghost, amateur NaFi


Message History

The iguana closely misses you. The giant cockroach closely misses you.
You barely miss the giant cockroach.
The giant cockroach is moderately wounded.
You hit the iguana but do no damage. The iguana bites you!
* * * LOW HITPOINT WARNING * * *
The giant cockroach closely misses you.
You hit the giant cockroach but do no damage.
The giant cockroach is moderately wounded.
You hit the iguana but do no damage. The iguana bites you!
* * * LOW HITPOINT WARNING * * *
The giant cockroach barely misses you.
Unknown command.
You hit the giant cockroach but do no damage.
The giant cockroach is moderately wounded.
You hit the iguana but do no damage.
The giant cockroach bites you but does no damage.
The iguana closely misses you.
The giant cockroach bites you but does no damage.
The iguana bites you.
You die...

..# #.... ..######..##
..###..# #..........#
...##..# #..........#
...W...## #.........##
.......<# #..........#
.#......# #..........#
.#.......... #..........#
...>.........#.s........###
...#.........#†.@.[.......#
...#........[#>l..........#
........$..######..######.#
.#.##..##..# #..# # #..#
...... ... #..# . #....
#..# ##..# . ... .(.##...#
.. #.# #.....#.#


You could see an iguana and a giant cockroach.

Vanquished Creatures
  A hound (D:3)
  An orc wizard (D:2)
  3 worker ants
  4 adders
  An ooze (D:3)
  3 worms
  2 dart slugs (D:2)
  3 orcs
  4 ball pythons
  3 giant cockroaches
  4 goblins
  5 hobgoblins
  3 jackals (D:1)
  9 bats
  3 frilled lizards
  4 kobolds
  4 rats
57 creatures vanquished.

Notes
Turn   | Place    | Note
-------+----------+-------------------------------------------
     0 | D:1      | schauveau the Hill Orc Monk began the quest for the Orb.
     0 | D:1      | Reached XP level 1. HP: 19/19 MP: 1/1
   175 | D:1      | Reached XP level 2. HP: 23/27 MP: 2/2
   430 | D:2      | Found an opulent altar of Gozag.
   545 | D:2      | Reached XP level 3. HP: 33/33 MP: 3/3
  1150 | D:2      | Found a sacrificial altar of Ru.
  1336 | D:2      | Reached skill level 5 in Axes
  1336 | D:2      | Reached skill level 1 in Armour
  1336 | D:2      | Reached XP level 4. HP: 18/41 MP: 4/4
  2273 | D:2      | Reached XP level 5. HP: 42/47 MP: 5/5
  2411 | D:3      | Noticed tarantulino's ghost (amateur NaFi)
  2644 | D:3      | Reached skill level 5 in Fighting
  2648 | D:3      | Found a basalt altar of Yredelemnul.
  2747 | D:4      | Found a glowing drain.
  2758 | D:3      | Reached skill level 6 in Axes
  2762 | D:3      | Reached XP level 6. HP: 13/56 MP: 6/6
  2769 | D:3      | Slain by an iguana

Skill      XL: |  1  2  3  4  5 |
---------------+----------------+-----
Fighting       | 4 5 |  5.1
Axes           | 5 6 |  6.2
Armour         | 1 2 |  2.8
Dodging        | |  2.6
Stealth        | |  1.7

Action                   |  1- 3 |  4- 6 || total
-------------------------+-------+-------++-------
Melee: Hand axe          |   108 |   132 ||   240
  Use: Potion            |       |     2 ||     2
 Stab: Sleeping          |     2 |       ||     2
  Eat: Chunk             |     1 |     5 ||     6
Armor: Robe              |    15 |       ||    15
       Leather armour    |    22 |    63 ||    85
Dodge: Dodged            |    82 |   122 ||   204
